 Dungeon Crawl Stone Soup version 0.31.0-32-g396128a36d (webtiles) character file.

Game seed: 559158624246778498

10016 Peloso the Carver (level 11, -3/99 HPs)
             Began as a Minotaur Fighter on Apr 6, 2024.
             Was a High Priest of Okawaru.
             Slain by a manticore (10 damage)
             ... on level 10 of the Dungeon.
             The game lasted 00:21:29 (10386 turns).

Peloso the Carver (Minotaur Fighter)               Turns: 10386, Time: 00:21:30

Health: -3/99      AC: 24    Str: 20    XL:     11   Next: 30%
Magic:  18/19      EV: 10    Int:  5    God:    Okawaru [*****.]
Gold:   836        SH:  7    Dex: 15    Spells: 10/10 levels left

rFire   . . .        b - +4 scimitar (freeze)
rCold   . . .        d - +0 buckler
rNeg    + . .        B - +4 plate armour of Domatwiw {rN+ MP+9}
rPois   .            (helmet restricted)
rElec   .            (no cloak)
rCorr   .            r - +1 pair of gloves
SInv    .            (no boots)
Will    +....        (no amulet) Stlth
                     w - ring of willpower
HPRegen 0.36/turn    (no ring)
MPRegen 0.16/turn

%: no passive effects
@: heroic
A: horns 2, retaliatory headbutt
a: Renounce Religion, Heroism, Finesse, Duel


You were on level 10 of the Dungeon.
You worshipped Okawaru.
Okawaru was extremely pleased with you.
You visited 1 branch of the dungeon, and saw 10 of its levels.
You also visited: Ossuary and Bailey.

You collected 836 gold pieces.

Inventory:

Hand Weapons
 a - a +2 scimitar of flaming
 b - a +4 scimitar of freezing (weapon)
Armour
 c - a +1 scale mail of cold resistance
 d - a +0 buckler (worn)
 r - a +1 pair of gloves (worn)
 B - the +4 plate armour of Domatwiw (worn) {rN+ MP+9}
   (You found it in a bailey)

   rN+:       It protects you from negative energy.
   MP+9:      It affects your magic capacity (+9).
Jewellery
 m - a ring of resist corrosion
 w - a ring of willpower (left hand)
Wands
 u - a wand of mindburst (17)
 E - a wand of paralysis (6)
 K - a wand of flame (4)
 L - a wand of acid (3)
Scrolls
 g - 5 scrolls of teleportation
 i - 2 scrolls of enchant armour
 k - 5 scrolls of identify
 o - a scroll of poison {unknown}
 q - a scroll of acquirement
 s - 2 scrolls of noise
 t - 4 scrolls of amnesia
 v - 2 scrolls of blinking {unknown}
 y - a scroll of fear {unknown}
 z - a scroll of summoning {unknown}
 F - a scroll of silence {unknown}
 G - a scroll of revelation
Potions
 e - 5 potions of might
 f - 2 potions of ambrosia
 h - 7 potions of enlightenment
 j - 4 potions of resistance
 l - 6 potions of heal wounds
 n - a potion of magic
 p - 9 potions of curing
 x - 2 potions of haste
 A - a potion of mutation
 C - a potion of berserk rage {unknown}
 D - 3 potions of attraction {unknown}
 H - 3 potions of lignification {unknown}
 I - 2 potions of brilliance {unknown}
 J - a potion of degeneration {unknown}


   Skills:
 + Level 10.0(15.0) Fighting
 + Level 14.0(19.0) Long Blades
 + Level 11.2(16.2) Armour
 + Level 2.5(7.5) Dodging
 + Level 0.7(5.7) Stealth
 + Level 8.0(13.0) Shields
 + Level 0.1 Invocations
 + Level 0.7 Evocations


You had 10 spell levels left.
You didn't know any spells.
Your spell library contained the following spells:

 Spells                   Type           Power      Damage    Failure   Level
 Freeze                   Ice            0%         1d3       99%         1
 Magic Dart               Conj           0%         1d3       99%         1
 Necrotise                Necr           0%         1d4       99%         1
 Mercury Vapours          Alch/Air       0%         N/A       100%        2
 Searing Ray              Conj           0%         2d4       100%        2
 Sublimation of Blood     Necr           0%         N/A       100%        2
 Frozen Ramparts          Ice            0%         1d1       100%        3
 Fugue of the Fallen      Necr           0%         N/A       100%        3
 Hailstorm                Conj/Ice       0%         3d5       100%        3
 Mephitic Cloud           Conj/Alch/Air  0%         N/A       100%        3
 Ozocubu's Armour         Ice            0%         N/A       100%        3
 Sigil of Binding         Hex            0%         N/A       100%        3
 Vampiric Draining        Necr           0%         2d6       100%        3
 Dimensional Bullseye     Hex/Tloc       0%         N/A       100%        4
 Fulminant Prism          Conj/Alch      0%         3d5       100%        4
 Manifold Assault         Tloc           0%         N/A       100%        4
 Petrify                  Alch/Erth      0%         N/A       100%        4
 Curse of Agony           Necr           0%         N/A       100%        5
 Freezing Cloud           Conj/Ice/Air   0%         6-21      100%        5
 Irradiate                Conj/Alch      0%         3d11      100%        5
 Call Canine Familiar     Summ           Unusable   N/A       N/A         3
 Martyr's Knell           Necr/Summ      Unusable   N/A       N/A         4

Dungeon Overview and Level Annotations

Branches:
Dungeon (10/15)            Temple (0/1) D:6         Ossuary (visited)
 Bailey (visited)
   Lair: D:8-11         Orc: D:9-12

Altars:
Ashenzari
Elyvilon
Fedhas
Gozag
Kikubaaqudgha
Okawaru
Qazlal
Trog
Uskayaw
Wu Jian
Zin
The Shining One

Shops:
D:2 (   D:8 :   D:9 *(

Annotations:
D:6 3 runed translucent doors, Ijustatesigmund's ghost, novice OpCj
D:9 1 runed translucent door, purpleHaze's ghost, novice VSSh


Innate Abilities, Weirdness & Mutations

You have a pair of horns on your head.
You reflexively headbutt those who attack you in melee.


Message History

You slice the brown ugly thing!! You freeze the brown ugly thing!
The brown ugly thing is almost dead.
The manticore bites you but does no damage.
The manticore barely misses you. You block the manticore's attack.
You slash the brown ugly thing! You freeze the brown ugly thing.
You kill the brown ugly thing!
Okawaru accepts your kill.
Your base Fighting skill increases to level 10!
Your base Long Blades skill increases to level 14!
Your base Shields skill increases to level 8!
You slice the troll!! You freeze the troll! Your headbutt misses the troll.
The troll is almost dead.
You block the manticore's attack. The manticore completely misses you.
The manticore claws you but does no damage.
You slash the troll! You freeze the troll.
You kill the troll!
Okawaru accepts your kill. The manticore bites you!
You block the manticore's attack. x2
Unknown command.
You slash the manticore! You freeze the manticore.
You headbutt the manticore, but do no damage.
The manticore is moderately wounded.
The shadow hits you. The manticore bites you!
The manticore completely misses you. You block the manticore's attack.
You slash the manticore! You freeze the manticore.
The manticore is severely wounded.
You barely miss the manticore. You headbutt the manticore.
The manticore is severely wounded.
The shadow slips into darkness.
The shadow flickers and vanishes!
Deactivating autopickup; reactivate with Ctrl-A.
The manticore closely misses you. The manticore claws you!
You block the manticore's attack.
You closely miss the manticore.
The manticore is severely wounded.
The shadow strikes at you from the darkness!
* * * LOW HITPOINT WARNING * * *
Reactivating autopickup.
The manticore bites you!
You die...

*,,*#..##=...##.$##.).....####***
*,,##..##....##).##!#.###.#
*,,##..##....##..##...# *.#
*,,##..##:...##.[##.### *,*
*,,###..######.W###..####.#******
*,,,##...####..)##.........,,,,,,
*,,,*##.......)###..>......,,,,,,
***,,*##...[.H###..........,,,,,,
*#..##......##@..........,,,,**
##..........WH..........,,,,*
###.............$......,,,,**
#####..............).,,,,<,
#................,,,,,,
#...............*******
##############$,* *,,* *,,*


You could see a manticore and a shadow.

Vanquished Creatures
  Erica (D:10)
  An ugly thing (D:10)
  Maggie (D:6)
  3 trolls
  Grinder (D:5)
  3 slime creatures (D:5)
  5 yaks (D:10)
  2 wyverns
  Eustachio (D:6)
  Edmund (D:5)
  3 water moccasins
  A sky beast (D:6)
  3 ice beasts
  8 orc warriors
  2 black bears
  3 centaurs
  A phantom (D:7)
  5 kobold brigands
  2 gnoll sergeants
  A necrophage (D:7)
  6 bullfrogs
  13 wights (D:7)
  8 killer bees
  A howler monkey (D:10)
  2 electric eels (D:9)
  A spectral centaur (D:7)
  3 bombardier beetles
  4 hounds
  11 jellies
  A gnoll bouda (D:5)
  5 orc priests
  2 sleepcaps
  A bullfrog skeleton (D:7)
  8 mummies (Ossuary)
  Ijyb (D:4)
  2 iguanas
  19 orc wizards
  A killer bee zombie (D:7)
  4 crocodile zombies (Ossuary)
  A bullfrog simulacrum (D:7)
  4 hound zombies (Ossuary)
  8 gnolls (D:5)
  7 adders
  A shadow imp (D:6)
  4 white imps
  7 ufetubi
  2 dart slugs
  A ribbon worm (D:3)
  73 orcs
  5 ball pythons
  9 bats
  13 endoplasms
  3 giant cockroaches
  15 goblins
  6 hobgoblins
  3 jackals (D:2)
  5 quokkas
  2 ball python zombies (Ossuary)
  3 frilled lizards
  29 kobolds
  4 rats
346 creatures vanquished.

Notes
Turn   | Place    | Note
-------+----------+-------------------------------------------
     0 | D:1      | Peloso the Minotaur Fighter began the quest for the Orb.
     0 | D:1      | Reached XP level 1. HP: 19/19 MP: 0/0
    88 | D:1      | Reached XP level 2. HP: 27/27 MP: 1/1
   287 | D:1      | Found a faded altar of an unknown god.
   400 | D:1      | Reached XP level 3. HP: 31/33 MP: 2/2
   728 | D:2      | Reached skill level 3 in Long Blades
  1080 | D:2      | Reached XP level 4. HP: 39/41 MP: 3/3
  1183 | D:2      | Found Yxakkem's Weapon Shoppe.
  1654 | D:3      | Found an iron altar of Okawaru.
  1741 | D:3      | Reached skill level 4 in Long Blades
  1859 | D:3      | Reached XP level 5. HP: 47/47 MP: 4/4
  1881 | D:3      | Found a bloodstained altar of Trog.
  1885 | D:3      | Identified the +7 dagger of the Bespelling Gods {drain,
                  | rPois Str+3 Dex+4}
  1908 | D:3      | Found a glowing golden altar of the Shining One.
  2253 | D:3      | Became a worshipper of Warmaster Okawaru
  2264 | D:4      | Noticed Ijyb
  2271 | D:4      | Killed Ijyb
  2430 | D:4      | Reached skill level 5 in Fighting
  2479 | D:4      | Reached skill level 5 in Long Blades
  2567 | D:4      | Reached skill level 5 in Armour
  2567 | D:4      | Reached XP level 6. HP: 39/56 MP: 5/5
  2655 | D:4      | Found an ancient bone altar of Kikubaaqudgha.
  2940 | D:5      | Entered Level 5 of the Dungeon
  2948 | D:5      | Noticed a water moccasin
  2950 | D:5      | Noticed Edmund
  2952 | D:5      | Killed a water moccasin
  2953 | D:5      | Reached skill level 6 in Long Blades
  2972 | D:5      | Killed Edmund
  2972 | D:5      | Reached * piety under Okawaru
  2973 | D:5      | Reached XP level 7. HP: 26/61 MP: 6/6
  3210 | D:5      | Found a hide-covered altar of Uskayaw.
  3513 | D:5      | Noticed Grinder
  3526 | D:5      | Paralysed by Grinder for 4 turns
  3544 | D:5      | Reached skill level 1 in Dodging
  3548 | D:5      | Killed Grinder
  3549 | D:5      | Reached skill level 7 in Long Blades
  3549 | D:5      | Reached skill level 5 in Shields
  3632 | D:5      | Found an ornate altar of the Wu Jian Council.
  3811 | D:5      | Noticed a slime creature
  3824 | D:5      | Killed a slime creature
  3824 | D:5      | Reached ** piety under Okawaru
  3825 | D:5      | Reached XP level 8. HP: 60/70 MP: 7/7
  3859 | D:5      | Found a glowing silver altar of Zin.
  3859 | D:5      | Found a stormy altar of Qazlal.
  3859 | D:5      | Found a broken altar of Ashenzari.
  3859 | D:5      | Found a blossoming altar of Fedhas.
  3859 | D:5      | Found an iron altar of Okawaru.
  3859 | D:5      | Found an iron altar of Okawaru.
  3859 | D:5      | Noticed a slime creature
  3859 | D:5      | Noticed a slime creature
  3868 | D:5      | Reached skill level 8 in Long Blades
  3877 | D:5      | Killed a slime creature
  4021 | D:5      | Killed a slime creature
  4022 | D:5      | Reached skill level 9 in Long Blades
  4148 | D:6      | Reached *** piety under Okawaru
  4185 | D:6      | Found a white marble altar of Elyvilon.
  4242 | D:6      | Found a runed translucent gate.
  4242 | D:6      | Found a runed translucent gate.
  4242 | D:6      | Found a runed translucent gate.
  4242 | D:6      | Found an opulent altar of Gozag.
  4245 | D:6      | Noticed Ijustatesigmund's ghost (novice OpCj)
  4246 | D:6      | Noticed a two-headed ogre
  4268 | D:6      | Found a staircase to the Ecumenical Temple.
  4277 | D:6      | Reached XP level 9. HP: 74/78 MP: 8/8
  4328 | D:6      | Noticed Eustachio
  4331 | D:6      | Noticed Maggie
  4350 | D:6      | Killed Eustachio
  4356 | D:6      | Killed Maggie
  4357 | D:6      | Reached skill level 10 in Long Blades
  4777 | D:6      | Reached **** piety under Okawaru
  4786 | D:6      | Reached skill level 11 in Long Blades
  5843 | D:7      | Found a sand-covered staircase.
  5853 | Ossuary  | Entered an ossuary
  6046 | Ossuary  | Reached XP level 10. HP: 81/88 MP: 9/9
  6192 | Ossuary  | Reached skill level 12 in Long Blades
  6331 | Ossuary  | Identified a scroll of acquirement
  6784 | D:7      | Reached ***** piety under Okawaru
  7114 | D:7      | Identified the +3 dagger of Discomfort {pain, rF+++ Will-
                  | Dex+8 Stlth-}
  7206 | D:8      | Reached skill level 10 in Armour
  7590 | D:8      | Received a gift from Okawaru
  8221 | D:8      | Found Wonirag's Book Boutique.
  8594 | D:9      | Found Iligudej's Weapon Emporium.
  8732 | D:9      | Reached skill level 13 in Long Blades
  8869 | D:9      | Found Feeraocw's General Store.
  9059 | D:9      | Found a runed translucent door.
  9064 | D:9      | Noticed purpleHaze's ghost (novice VSSh)
  9472 | D:10     | Entered Level 10 of the Dungeon
  9541 | D:10     | Reached XP level 11. HP: 28/97 MP: 8/10
  9563 | D:10     | Noticed Erica
  9595 | D:10     | Found a flagged portal.
  9601 | Bailey   | Entered a bailey
 10008 | Bailey   | Identified the +4 plate armour of Domatwiw {rN+ MP+9}
 10022 | Bailey   | Identified the +2 helmet "Hepurudi" {rC++ MP-9}
 10216 | D:10     | Killed Erica
 10216 | D:10     | Received a gift from Okawaru
 10314 | D:10     | Noticed a brown ugly thing
 10380 | D:10     | Killed a brown ugly thing
 10381 | D:10     | Reached skill level 10 in Fighting
 10381 | D:10     | Reached skill level 14 in Long Blades
 10386 | D:10     | Slain by a manticore

Illustrated notes

Levels and vault maps discovered:
D:1:      dpeg_arrival_morbid_curiosity, layout_rooms,
          hellmonk_ecumenical_altar_slurped_away, serial_park_tiny_2
D:2:      layout_basic, serial_shops, shop
D:3:      layout_basic, nicolae_overflow_hidden_temple, lemuel_doored_altar,
          okawaru_ov_weapons_minmay
D:4:      layout_rooms, mainiacjoe_overflow_concentric_impassable, uniq_ijyb
D:5:      cheibrodos_fertilizer, layout_rooms,
          mainiacjoe_overflow_cross_hatched,
          nicolae_wu_jian_immortal_techniques, uniq_blork_the_orc, uniq_edmund,
          uniq_grinder
D:6:      layout_loops_corners, mainiacjoe_overflow_paths,
          minmay_temple_entry_slanted, ebering_ghost_gozag,
          minmay_fractal_squares_diagonal_5, uniq_maggie, uniq_eustachio
D:7:      layout_rooms, lightli_ossuary_entry_decrepit_ruins,
          hangedman_decor_growths, grunt_ministairs_9, dilly_guarded_unrand_morg
D:8:      kennysheep_blocky_hall, layout_gridville, serial_shops,
          nicolae_shop_tiny_waterfront, special_room [special_room_orc],
          nicolae_tricolors
D:9:      layout_basic, ebering_ghost_reflecting_pool, serial_shops,
          nicolae_shop_statue_plus, shop, kennysheep_opposing_triangles
D:10:     layout_long_grid, enter_bailey_3, minmay_mirror_moons_of_madness,
          uniq_erica

Skill      XL: |  1  2  3  4  5  6  7  8  9 10 11 |
---------------+----------------------------------+-----
Shields        | 4 5 6 7 8 |  8.0
Armour         | 4 5 6 8 9 10 11 | 11.2
Fighting       | 4 5 6 7 9 10 | 10.0
Long Blades    | 3 4 5 6 7 9 11 13 14 | 14.0
Dodging        | 1 2 |  2.5
Stealth        | |  0.7
Invocations    | |  0.1
Evocations     | |  0.7

Action                     |  1- 3 |  4- 6 |  7- 9 | 10-12 || total
---------------------------+-------+-------+-------+-------++-------
  Melee: Long sword        |    81 |    32 |       |       ||   113
         Headbutt          |    13 |    20 |    55 |    85 ||   173
         Falchion          |       |    94 |   115 |       ||   209
         Scimitar          |       |       |   118 |   421 ||   539
 Invoke: Heroism           |       |       |       |     2 ||     2
  Evoke: Wand              |       |       |       |     2 ||     2
    Use: Scroll            |     1 |     2 |     3 |     9 ||    15
         Potion            |     1 |       |       |       ||     1
 Armour: Scale mail        |    60 |     3 |       |       ||    63
         Plate armour      |       |    90 |   202 |   354 ||   646
  Dodge: Dodged            |    43 |    36 |    74 |   125 ||   278
  Block: Buckler           |    31 |    24 |    60 |   161 ||   276
